Map: Miner Evacuation

Players

Yuriprime

  • Race: Zerg Zerg
  • Spawn Location: 7:00

ViS

  • Race: Zerg Zerg

VOD

Have the link to the VOD?

Description

Time

  • Played on: March 17, 2018, 11:03 p.m.
  • Length: 14:06
Show
View Real Time Build Order
Export as new Build Order

Yuriprime Zerg 

Build Orders:  

Get SALT Encoding   

  12  0:05  Drone  
  13  0:18  Overlord  
  13  0:31  Drone  
  14  0:43  Drone x2  
  14  0:44  Drone  
  17  1:02  Roach Warren  
  17  1:06  Drone  
  17  1:12  Drone  
  18  1:36  Roach x2  
  22  1:46  Extractor  
  22  1:47  Roach, Extractor  
  22  1:57  Overlord  
  22  2:25  Drone  
  22  2:26  Drone x3  
  22  2:27  Drone  
  27  2:31  Roach  
  27  2:45  Drone  
  28  2:52  Overlord  
  28  2:53  Brutalisk  
  28  3:44  Roach  
  28  3:49  Roach  
  28  3:57  Roach  
  28  4:05  Roach  
  28  4:06  Brutalisk  
  28  4:19  Lair  
  28  4:20  Drone  
  28  4:21  Drone x8  
  37  4:41  Overlord x2  
  37  5:20  Drone  
  37  5:21  Drone x2  
  37  5:22  Drone, Spire  
  37  5:26  Roach  
  40  5:31  Hatchery, Extractor  
  40  5:35  Extractor  
  37  5:45  Drone  
  37  5:46  Drone x2  
  37  5:48  Brutalisk  
  40  6:00  Drone  
  40  6:01  Drone  
  42  6:15  Drone  
  42  6:16  Drone  
  44  6:27  Pneumatized Carapace  
  44  6:29  Mutalisk x3  
  50  6:34  Drone  
  51  6:41  Drone  
  51  6:42  Drone  
  53  7:10  Drone x4  
  53  7:11  Drone x2  
  48  7:50  Drone  
  59  7:52  Zerg Flyer Weapons Level 1  
  59  7:54  Overlord x2  
  59  7:55  Overlord x3  
  59  7:59  Mutalisk  
  60  8:27  Leviathan  
  60  8:28  Mutalisk  
  60  8:56  Leviathan  
  60  9:08  Drone x2  
  60  9:09  Overlord x2, Drone x2  
  64  9:10  Overlord x3  
  64  9:12  Overlord, Mutalisk  
  64  9:13  Mutalisk x5  
  64  9:14  Mutalisk x2  
  80  9:59  Mutalisk  
  80  10:15  Overseer  
  80  10:26  Mutalisk  
  80  10:27  Mutalisk x8, Leviathan  
  98  10:53  Overlord x4  
  98  10:54  Mutalisk  
  98  10:55  Mutalisk  
  102  11:13  Mutalisk  
  94  11:40  Overlord  
  94  11:41  Overlord x3  
  94  11:42  Roach  
  94  11:43  Roach x2  
  100  12:05  Mutalisk x3  
  106  12:25  Mutalisk  
  106  12:55  Mutalisk  
  104  13:14  Mutalisk  
Show
View Real Time Build Order
Export as new Build Order

ViS Zerg 

Build Orders:  

Get SALT Encoding   

  18  0:03  Primal Drone  
  19  0:11  Primal Drone  
  20  0:22  Extractor  
  20  0:27  Primal Drone  
  21  0:33  Primal Drone  
  21  0:39  Primal Drone  
  23  1:01  Primal Warden  
  23  1:05  Primal Drone  
  25  1:17  Extractor  
  25  1:49  Primal Drone  
  26  1:50  Primal Drone x2  
  26  1:54  Primal Drone  
  29  2:30  Primal Drone x2  
  29  2:32  Glevig's Den  
  30  2:56  Primal Hive  
  35  3:01  Primal Drone  
  36  3:22  Primal Drone x2  
  38  3:43  Primal Drone  
  38  3:45  Primal Attacks Level 1  
  40  3:50  Primal Warden  
  40  3:59  Primal Drone  
  41  4:24  Primal Drone x2  
  43  4:32  Murvar's Den  
  42  4:53  Primal Roach x4  
  42  4:54  Primal Drone x2  
  52  5:35  Primal Drone x2  
  54  5:44  Primal Hive  
  54  5:45  Primal Drone  
  54  5:46  Primal Drone x5  
  54  5:47  Extractor x2  
  60  6:19  Primal Roach x2  
  64  6:20  Primal Roach x2  
  68  6:38  Primal Guardian x2  
  66  6:43  Primordial Fury  
  66  6:47  Dakrun's Den  
  65  7:01  Primal Roach  
  65  7:02  Primal Roach  
  65  7:03  Primal Roach  
  65  7:07  Primal Drone x7  
  78  7:35  Primal Guardian  
  78  7:36  Primal Guardian  
  76  7:43  Explosive Spores  
  76  7:50  Primal Guardian  
  75  8:07  Primal Roach  
  75  8:08  Primal Roach x3  
  83  8:35  Primal Guardian  
  83  8:36  Primal Guardian  
  81  8:40  Primal Roach x4  
  89  9:32  Primal Roach x3  
  89  9:33  Primal Roach x3  
  89  9:34  Primal Drone  
  89  9:35  Primal Drone x5  
  89  9:36  Primal Attacks Level 2, Primal Drone x2  
  109  10:29  Primal Roach x4  
  117  10:30  Primal Roach x3  
  117  10:31  Primal Roach  
  117  10:32  Primal Guardian x3  
  122  11:41  Primal Roach x4  
  122  11:42  Primal Roach x4  
  147  11:51  Primal Wurm x2  
  147  11:52  Primal Wurm x2  
  147  11:53  Primal Wurm  
  147  11:54  Primal Wurm x2  
  147  11:55  Primal Guardian x3  
  147  11:56  Primal Guardian  
  147  11:57  Primal Wurm  
  133  12:57  Primal Guardian x3  
  133  12:58  Primal Guardian  
  125  13:02  Primal Drone x3  
  125  13:03  Primal Drone x6  
  125  13:04  Primal Drone  
Tags
 
Add a new tag
Caveats
  • Supply blocks, unpowered buildings, or Contaminate may cause inaccurate times.
  • Supply counts are checked every 10 seconds.